 Dungeon Crawl Stone Soup version 0.27-a0-1123-g2f9bb313c0 (webtiles) character file.

Game seed: 10863610332021552983

7277 sizableburger the Geomancer (level 10, -28/88 HPs)
             Began as a Deep Dwarf Earth Elementalist on May 3, 2021.
             Was a Priest of Kikubaaqudgha.
             Annihilated by a two-headed ogre
             ... wielding a +0 giant club
              (32 damage)
             ... on level 9 of the Dungeon.
             The game lasted 00:51:33 (17180 turns).

sizableburger the Geomancer (DDEE)                 Turns: 17180, Time: 00:51:34

Health: -28/88     AC:  6    Str: 12    XL:     10   Next: 89%
Magic:  12/15      EV: 13    Int: 19    God:    Kikubaaqudgha [***...]
Gold:   2594       SH:  5    Dex: 13    Spells: 3/21 levels left

rFire    . . .     SeeInvis +   z - +3 quarterstaff (chaos)
rCold    . . .     Faith    .   (shield currently unavailable)
rNeg     . . .     Spirit   .   c - +0 robe
rPois    .         Reflect  +   o - +0 helmet
rElec    .         Harm     .   s - +0 cloak
rCorr    .         Rampage  .   C - +1 pair of gloves
Will     +....                  (no boots)
Stlth    ++........             E - amulet of reflection
HPRegen  0.00/turn              i - ring of see invisible
MPRegen  0.14/turn              (no ring)

@: no status effects
A: damage resistance, heal wounds, sense surroundings 2, no regeneration
a: Heal Wounds, Renounce Religion, Receive Corpses


You were on level 9 of the Dungeon.
You worshipped Kikubaaqudgha.
Kikubaaqudgha was most pleased with you.
You visited 1 branch of the dungeon, and saw 9 of its levels.
You also visited: Ossuary.

You collected 2648 gold pieces.
You spent 54 gold pieces at shops.

Inventory:

Hand Weapons
 e - a +2 whip of venom
 z - a +3 quarterstaff of chaos (weapon)
Missiles
 b - 115 stones
 F - a throwing net
 G - a curare-tipped dart
Armour
 c - a +0 robe (worn)
 o - a +0 helmet (worn)
 s - a +0 cloak (worn)
 C - a +1 pair of gloves (worn)
Jewellery
 d - an amulet of magic regeneration
 g - a ring of flight
 i - a ring of see invisible (left hand)
 E - an amulet of reflection (around neck)
Wands
 n - a wand of flame (18)
 q - a wand of polymorph (11)
 H - a wand of iceblast (4)
 I - a wand of paralysis (7)
Scrolls
 h - 8 scrolls of teleportation
 t - a scroll of enchant armour
 y - a scroll of identify
 A - 3 scrolls of vulnerability
Potions
 f - 3 potions of degeneration
 j - 6 potions of attraction
 k - 2 potions of flight
 l - 4 potions of invisibility
 m - 2 potions of curing
 p - 2 potions of lignification {unknown}
 r - a potion of brilliance {unknown}
 u - a potion of resistance {unknown}
 v - 2 potions of heal wounds {unknown}
 w - a potion of might {unknown}
 x - 2 potions of mutation {unknown}
 B - a potion of berserk rage {unknown}


   Skills:
 - Level 5.2 Fighting
 - Level 0.5(3.7) Maces & Flails
 + Level 5.4(5.5) Staves
 - Level 4.6 Dodging
 - Level 2.4 Stealth
 + Level 6.0 Spellcasting
 - Level 0.5 Conjurations
 + Level 8.4 Necromancy
 - Level 0.8 Transmutations
 - Level 10.0 Earth Magic
 + Level 8.0 Evocations


You had 3 spell levels left.
You knew the following spells:

 Your Spells              Type           Power      Damage    Failure   Level
a - Sandblast             Erth           86%        2d18      1%          1
b - Passwall              Tmut/Erth      21%        N/A       1%          2
c - Stone Arrow           Conj/Erth      50%        3d10      3%          3
d - Lee's Rapid Deconstr  Erth           21%        3d13*     4%          5
e - Vampiric Draining     Necr           18%        2d8       1%          3
f - Animate Dead          Necr           18%        N/A       3%          4

Your spell library contained the following spells:

 Spells                   Type           Power      Damage    Failure   Level
 Pain                     Necr           100%       1d9       1%          1
 Sublimation of Blood     Necr           18%        N/A       1%          2
 Corpse Rot               Necr/Air       N/A        N/A       3%          2
 Apportation              Tloc           10%        N/A       11%         1
 Corona                   Hex            5%         N/A       11%         1
 Ensorcelled Hibernation  Hex/Ice        10%        N/A       17%         2
 Dazzling Flash           Conj/Hex       12%        N/A       30%         3
 Confusing Touch          Hex            5%         N/A       32%         3
 Lesser Beckoning         Tloc           2%         N/A       32%         3
 Tukima's Dance           Hex            5%         N/A       32%         3
 Dispel Undead            Necr           37%        3d15      3%          4
 Borgnjor's Vile Clutch   Necr/Erth      20%        N/A       7%          5
 Excruciating Wounds      Necr           18%        N/A       10%         5
 Petrify                  Tmut/Erth      26%        N/A       12%         4
 Death Channel            Necr           18%        N/A       50%         6
 Alistair's Intoxication  Tmut/Pois      4%         N/A       95%         5
 Invisibility             Hex            5%         N/A       100%        6


Dungeon Overview and Level Annotations

Branches:
Dungeon (9/15)             Temple (0/1) D:7            Lair (0/6) D:8
    Orc (0/2) D:9         Ossuary (visited)

Altars:
Ashenzari
Elyvilon
Fedhas
Kikubaaqudgha
Nemelex Xobeh
Ru
The Shining One

Shops:
D:6 [

Annotations:
D:4 Edmund


Innate Abilities, Weirdness & Mutations

You are resistant to damage.
You can heal yourself by infusing magical energy.
You passively map the area around you.
You do not regenerate.


Message History

You start resting.
Magic restored.
Found a white marble altar of Elyvilon.
Found 21 stones.
Found a stone staircase leading up and a stone staircase leading down.
Found a leather armour.
Found a staircase to the Orcish Mines.
The two-headed ogre shouts in stereo!
Casting: Sandblast (safe; 1% risk of failure)
Confirm with . or Enter, or press ? or * to list all spells.
Aiming: Sandblast (safe; 1% risk of failure)
Press: ? - help, Shift-Dir - straight line, f - two-headed ogre
Aim: a two-headed ogre, wielding a +0 giant club and a +0 giant spiked club (92% to hit)
The blast of sand hits the two-headed ogre!
The two-headed ogre is moderately wounded.
Unknown command.
Casting: Sandblast (safe; 1% risk of failure)
Confirm with . or Enter, or press ? or * to list all spells.
Aiming: Sandblast (safe; 1% risk of failure)
Press: ? - help, Shift-Dir - straight line, f/p - two-headed ogre
Aim: a two-headed ogre, wielding a +0 giant club and a +0 giant spiked club (moderately wounded, 92% to hit)
The blast of sand hits the two-headed ogre.
The two-headed ogre is moderately wounded.
Unknown command.
Casting: Sandblast (safe; 1% risk of failure)
Confirm with . or Enter, or press ? or * to list all spells.
Aiming: Sandblast (safe; 1% risk of failure)
Press: ? - help, Shift-Dir - straight line, f/p - two-headed ogre
Aim: a two-headed ogre, wielding a +0 giant club and a +0 giant spiked club (moderately wounded, 92% to hit)
The blast of sand hits the two-headed ogre.
The two-headed ogre is moderately wounded.
The two-headed ogre hits you with a +0 giant club!!
* * * LOW HITPOINT WARNING * * *
The two-headed ogre hits you with a +0 giant spiked club!
* * * LOW HITPOINT WARNING * * *
As you read the scroll of fear, it crumbles to dust.
You assume a fearsome visage.
The two-headed ogre resists with some effort.
The two-headed ogre hits you with a +0 giant club!!
You die...
Kikubaaqudgha rasps: "You have failed me!
Welcome... death!"

, , , * * ..>,,
..# , #.######..#
,, , * * *
#.#...$...# ,*
#.#.......#* * *
* #.#........,, *
,
#######.#........
, * , ,
........#......[.
, * * * *
#.@O.....>. * * *
#.#(####<.#
#.########.#... ,
.. #.*
#.##.......####.#
*,###.. #.#
#.##.#####.# ** #
, *,,.... #.#
#.##.# #..., , *
* #.. #.# #.##.#
##### * ,* #..
#.# #.##.# ### *
#.. #.# #.##.#
##.## , #..


You could see a two-headed ogre.

Vanquished Creatures
  3 death yaks (D:8)
  Grinder (D:5)
  3 yaks (D:8)
  A wyvern (D:8)
  2 steam dragons
  2 water moccasins
  Duvessa (D:4)
  4 black bears
  A hornet zombie (D:2)
  An ice beast (D:7)
  5 orc warriors
  A necrophage (D:4)
  A sky beast (D:5)
  3 centaurs
  A phantom (D:5)
  2 kobold brigands
  A bullfrog (D:7)
  Blork the orc (D:5)
  A gnoll sergeant (D:9)
  2 scorpions
  Dowan (D:4)
  A water moccasin skeleton (D:5)
  A killer bee (D:9)
  6 wights
  A howler monkey (D:9)
  A jelly (D:8)
  2 orc priests (D:7)
  2 centaur skeletons
  7 centaur zombies
  A gnoll shaman (D:4)
  A hound (D:6)
  Crazy Yiuf (D:5)
  Jessica (D:2)
  3 iguanas
  Natasha (twice) (D:2)
  10 orc wizards
  A killer bee zombie (D:8)
  2 ogre zombies (Ossuary)
  7 mummies (Ossuary)
  5 adders
  20 gnolls
  A shadow imp (D:7)
  3 white imps
  An adder skeleton (D:4)
  9 adder zombies (Ossuary)
  2 worms
  2 dart slugs (D:2)
  29 orcs
  8 endoplasms
  A giant cockroach (D:4)
  18 goblins
  11 hobgoblins
  12 jackals
  29 kobolds
  4 quokkas
  6 ball pythons
  7 bats
  3 frilled lizards (D:1)
  7 goblin zombies (Ossuary)
  2 hobgoblin zombies (Ossuary)
  5 kobold zombies (Ossuary)
  A quokka zombie (Ossuary)
  9 rats
  A rat zombie (Ossuary)
284 creatures vanquished.

Vanquished Creatures (others)
  8 plants (D:1)
8 creatures vanquished.

Grand Total: 292 creatures vanquished

Notes
Turn   | Place    | Note
-------+----------+-------------------------------------------
     0 | D:1      | sizableburger the Deep Dwarf Earth Elementalist began the
                  | quest for the Orb.
     0 | D:1      | Reached XP level 1. HP: 15/15 MP: 3/3
   195 | D:1      | Reached XP level 2. HP: 22/22 MP: 1/5
   797 | D:1      | Reached XP level 3. HP: 28/28 MP: 4/6
   844 | D:2      | Noticed Jessica
   850 | D:2      | Killed Jessica
   987 | D:2      | Learned a level 2 spell: Passwall
  1069 | D:2      | Reached XP level 4. HP: 36/36 MP: 3/7
  1074 | D:2      | Reached skill level 5 in Earth Magic
  1279 | D:2      | Learned a level 3 spell: Stone Arrow
  1614 | D:2      | HP: 1/37 [hornet zombie (8)]
  1626 | D:2      | Reached skill level 1 in Fighting
  1626 | D:2      | Reached XP level 5. HP: 21/44 MP: 0/8
  1948 | D:2      | Found a faded altar of an unknown god.
  2349 | D:3      | Noticed Natasha
  2361 | D:2      | Killed Natasha
  2475 | D:3      | Reached XP level 6. HP: 34/52 MP: 5/9
  2481 | D:3      | Learned a level 5 spell: Lee's Rapid Deconstruction
  2525 | D:3      | Found an ancient bone altar of Kikubaaqudgha.
  2551 | D:3      | Became a worshipper of Kikubaaqudgha
  2899 | D:2      | Noticed Natasha
  2906 | D:2      | Killed Natasha
  2948 | D:3      | Reached skill level 6 in Earth Magic
  3696 | D:4      | Noticed Duvessa
  3702 | D:4      | Noticed Dowan
  3705 | D:4      | Killed Duvessa
  3706 | D:4      | Reached XP level 7. HP: 34/62 MP: 2/10
  3970 | D:4      | Reached * piety under Kikubaaqudgha
  3970 | D:4      | Identified Kikubaaqudgha's Tome of Dark Rituals
                  | (Kikubaaqudgha gifted it to you on level 4 of the Dungeon)
  3970 | D:4      | Received a gift from Kikubaaqudgha
  4275 | D:4      | Killed Dowan
  4276 | D:4      | Reached skill level 7 in Earth Magic
  4617 | D:4      | Reached skill level 1 in Necromancy
  4988 | D:5      | Entered Level 5 of the Dungeon
  5030 | D:5      | Noticed Blork the orc
  5042 | D:5      | Found a sand-covered staircase.
  5051 | Ossuary  | Entered an ossuary
  5879 | Ossuary  | Reached ** piety under Kikubaaqudgha
  6275 | Ossuary  | Reached XP level 8. HP: 26/72 MP: 1/11
  6364 | Ossuary  | Learned a level 3 spell: Vampiric Draining
  7289 | Ossuary  | Identified a scroll of acquirement
  7297 | D:5      | Acquired 1115 gold pieces
  7411 | D:5      | Killed Blork the orc
  7412 | D:5      | Reached skill level 8 in Earth Magic
  7412 | D:5      | Noticed Grinder
  7425 | D:5      | Killed Grinder
  7968 | D:5      | Identified the +1 chain mail of Starshine {rElec Str+3}
  8312 | D:5      | Noticed Edmund
  8715 | D:5      | Reached skill level 5 in Fighting
  8795 | D:5      | Reached skill level 9 in Earth Magic
  8876 | D:5      | Found a broken altar of Ashenzari.
  9449 | D:5      | Reached *** piety under Kikubaaqudgha
  9449 | D:5      | Identified Kikubaaqudgha's Collected Works on Dark Secrets
                  | (Kikubaaqudgha gifted it to you on level 5 of the Dungeon)
  9449 | D:5      | Received a gift from Kikubaaqudgha
 10037 | D:5      | Found a runed translucent door.
 10038 | D:5      | Noticed Crazy Yiuf
 10321 | D:5      | Killed Crazy Yiuf
 10485 | D:5      | Reached skill level 1 in Evocations
 10487 | D:5      | Acquired 1033 gold pieces
 10666 | D:6      | Reached skill level 5 in Necromancy
 10666 | D:6      | Gained mutation: You passively map the area around you.
                  | [Deep Dwarf growth]
 10666 | D:6      | Reached XP level 9. HP: 81/81 MP: 0/12
 11006 | D:6      | Reached skill level 1 in Staves
 12199 | D:6      | Found a blossoming altar of Fedhas.
 12278 | D:6      | Found Doydgheuzyrr's Armour Boutique.
 12281 | D:6      | Bought a +0 pair of gloves for 54 gold pieces
 12464 | D:7      | Found a sparkling altar of Nemelex Xobeh.
 12492 | D:7      | Reached skill level 10 in Earth Magic
 12662 | D:7      | Found a staircase to the Ecumenical Temple.
 12684 | D:7      | Found a glowing golden altar of the Shining One.
 14236 | D:7      | Reached skill level 5 in Evocations
 14932 | D:8      | Noticed a death yak
 15079 | D:8      | Reached **** piety under Kikubaaqudgha
 15366 | D:8      | Reached XP level 10. HP: 82/88 MP: 4/14
 15458 | D:8      | Learned a level 4 spell: Animate Dead
 15481 | D:8      | Found a sacrificial altar of Ru.
 15690 | D:8      | Found a staircase to the Lair.
 15696 | D:8      | Noticed a death yak
 15697 | D:8      | Noticed a death yak
 15705 | D:8      | Killed a death yak
 15706 | D:8      | Reached skill level 5 in Spellcasting
 15714 | D:8      | Killed a death yak
 15715 | D:8      | Killed a death yak
 15716 | D:8      | Reached skill level 5 in Staves
 16964 | D:9      | Noticed a two-headed ogre
 17134 | D:9      | Found a white marble altar of Elyvilon.
 17174 | D:9      | Found a staircase to the Orcish Mines.
 17179 | D:9      | HP: 4/88 [two-headed ogre/+0 giant club (7)]
 17180 | D:9      | Annihilated by a two-headed ogre

Illustrated notes

Levels and vault maps discovered:
D:1:      psy_arrival_fountain, layout_basic, kennysheep_small_spiral,
          serial_bayou_ford_a, minmay_misc_feat_diagonals
D:2:      layout_basic, chequers_ecumenical_altar_grove,
          kennysheep_generic_room_15, uniq_jessica
D:3:      layout_rooms, kiku_gazebo_pond_becter, corexii_leaking_fountain,
          uniq_natasha
D:4:      layout_rooms, uniq_duvessa
D:5:      corexii_shantytown, layout_basic, evilmike_ruin_ashenzari,
          nicolae_ossuary_entry_ruins, uniq_crazy_yiuf_cottage,
          uniq_blork_the_orc, uniq_edmund, uniq_grinder
D:6:      layout_basic, lemuel_coloured_pillars_altar, serial_shops,
          nicolae_shop_behind_doors
D:7:      layout_basic, old_standard_altar, kennysheep_mini_moat,
          minmay_temple_entry_hall
D:8:      layout_rooms, amcnicky_altar_gilded, dpeg_lair_monsters, serial_glass,
          glass_columns_a, glass_columns_a, hex_tiny
D:9:      minmay_bubble_buster, layout_loops_ring,
          nicolae_overflow_hidden_temple, jmf_multi_god_temple, orc_0_dummy

Skill      XL: |  1  2  3  4  5  6  7  8  9 10 |
---------------+-------------------------------+-----
Spellcasting   | 2 3 4 6 |  6.0
Dodging        | 3 4 |  4.6
Earth Magic    | 5 6 7 9 10 | 10.0
Fighting       | 1 2 3 5 |  5.2
Necromancy     | 2 5 6 8 |  8.4
Evocations     | 1 5 8 |  8.0
Staves         | 3 5 |  5.4
Maces & Flails | |  0.5
Stealth        | |  2.4
Conjurations   | |  0.5
Transmutations | |  0.8

Action                   |  1- 3 |  4- 6 |  7- 9 | 10-12 || total
-------------------------+-------+-------+-------+-------++-------
Melee: Unarmed           |     1 |       |       |       ||     1
       Whip              |       |    35 |    28 |       ||    63
       Quarterstaff      |       |       |    31 |    25 ||    56
 Cast: Sandblast         |    47 |    68 |    48 |    12 ||   175
       Stone Arrow       |       |    21 |   117 |    20 ||   158
       Passwall          |       |       |     4 |     2 ||     6
       Vampiric Draining |       |       |   100 |    13 ||   113
       Lee's Rapid Decon |       |       |    12 |     1 ||    13
 Abil: Heal Wounds       |       |     4 |     3 |     1 ||     8
Evoke: Wand              |       |       |       |     6 ||     6
  Use: Scroll            |       |       |    14 |     7 ||    21
       Potion            |       |       |       |     1 ||     1
 Stab: Sleeping          |       |       |     1 |       ||     1
Armor: Robe              |     4 |     8 |    24 |    20 ||    56
Dodge: Dodged            |     8 |    60 |    96 |    42 ||   206
Block: Other             |       |       |    12 |    10 ||    22
       Reflection        |       |       |     2 |     1 ||     3

Table legend: (Time is in decaauts)
 A = Elapsed time spent in this place.
 B = Non-inter-level travel time spent in this place.
 C = Inter-level travel time spent in this place.
 D = Time resting spent in this place.
 E = Time spent auto-exploring this place.
 F = Levels seen in this place.
 G = Mean time per level.
                   A        B        C        D        E       F      G
               +--------+--------+--------+--------+--------+-----+--------+
         Total |  17207 |  16848 |    359 |   7168 |   6637 |  10 | 1720.7 |
       Dungeon |  14961 |  14602 |    359 |   5586 |   6467 |   9 | 1662.3 |
       Ossuary |   2246 |   2246 |      0 |   1582 |    170 |   1 | 2246.0 |
               +--------+--------+--------+--------+--------+-----+--------+

Top non-repeatable levels by time:
     D:5: 3334 daAuts
     D:7: 2464 daAuts
 Ossuary: 2246 daAuts
     D:6: 1675 daAuts
     D:4: 1663 daAuts
     D:2: 1498 daAuts
     D:8: 1297 daAuts
     D:9: 1097 daAuts
     D:3: 1086 daAuts
     D:1: 844 daAuts
